AoeStats
← Ronny

Arena

505918624Analyzed
1v1 RM · 20d ago on Sep 11, 2026· 27m 55s· 2 players
Game mode
Random Map
Map size
Tiny (2 player)
Population
200
Speed
Normal
Resources
Standard
Victory
Conquest
Starting age
Dark Age
Ending age
Imperial Age
RankedLock teamsTeams togetherTeam positionsShared explorationLock speedFull tech treeHidden civsTurbo modeCheats
Victory
Defeat
🇪🇸 Cumans · Spain
1105
+16
🇺🇸 Portuguese · United States
1114
-16
Ronny
10:18 Feudal Age
11:04 Man-at-Arms
28:45 Forging
Tavok42
6:42 Loom
9:04 Loom
10:51 Feudal Age
15:30 Castle Age
13:40 Stone Mining
Connection lost

Rejoining the realm…

Still unreachable

The connection could not be restored.

Session expired

The server has moved on; the page needs a fresh start.